 Dungeon Sprint DCSS version 0.30-a0-371-gad7725a93e (webtiles) character file.

Game seed: 18334404072985592298

25 mhtbhm the Sneak (level 2, -2/26 HPs)
             Began as an Armataur Brigand on Nov 21, 2022.
             Slain by a yak (15 damage)
             ... in the Dungeon (Sprint I: "Red Sonja").
             The game lasted 00:00:15 (78 turns).

mhtbhm the Sneak (Armataur Brigand)                   Turns: 78, Time: 00:00:15

Health: -2/26      AC:  5    Str: 16    XL:     2   Next: 82%
Magic:  2/2        EV:  9    Int: 11    God:
Gold:   0          SH:  0    Dex: 11    Spells: 1/1 levels left

rFire   . . .      SeeInvis .    a - +2 dagger
rCold   . . .      Faith    .    (no shield)
rNeg    . . .      Spirit   .    b - +0 robe
rPois   .          Reflect  .    (no helmet)
rElec   .          Harm     .    c - +0 cloak
rCorr   .          Roll     +    (no gloves)
Will    .....      NoTele   +    (no barding)
Stlth   +++.......               (no amulet)
HPRegen 0.24/turn                (no ring)
MPRegen 0.08/turn                (no ring)

@: hasted, very quick
A: large, rugged brown scales 3, deformed body, armoured tail, roll, long
tongue, awkward tongue
a: no special abilities


You were in the Dungeon.
You visited 1 branch

Inventory:

Hand Weapons
 a - a +2 dagger (weapon)
Missiles
 d - 9 poisoned darts (quivered)
 e - 3 curare-tipped darts
Armour
 b - a +0 robe (worn)
 c - a +0 cloak (worn)
Wands
 j - a wand of digging (3)
Scrolls
 k - a scroll of blinking
Potions
 f - a potion of curing
 g - a potion of heal wounds
 i - 2 potions of magic


   Skills:
 + Level 2.5 Fighting
 + Level 2.4 Short Blades
 + Level 2.2 Throwing
 + Level 1.0 Dodging
 + Level 7.1 Stealth


You had one spell level left.
You didn't know any spells.
Your spell library was empty.

Dungeon Overview and Level Annotations

Branches:
Dungeon (1/1)

Altars:
Cheibriados
Dithmenos
Elyvilon
Fedhas
Gozag
Hepliaklqana
Kikubaaqudgha
Nemelex Xobeh
Okawaru
Qazlal
Ru
Trog
Uskayaw
Yredelemnul
Zin
The Shining One

Shops:
D !


Innate Abilities, Weirdness & Mutations

You are completely covered in rugged brown scales. (AC +3, +7% HP)
Armour fits poorly on your strangely shaped body.
You have a long armoured tail.
You roll when moving toward enemies. (Rampage)
Your long tongue fully drains potion bottles. (2x potion effects)
Your tongue gives you trouble enunciating. (1.5x scroll delay)


Message History

You feel your anger nearly subside.
There is an open door, spattered with blood here.
You start resting.
Your blood rage is quickly leaving you.
You are no longer berserk.
You are exhausted.
You feel yourself slow down.
You start resting.
You feel yourself speed up.
You start resting.
You recover from your berserk rage.
You start resting.
HP restored.
There is a fountain of clear blue water here.
There is a fountain of clear blue water here.
Aiming: Dig
Press: ? - help, Shift-Dir - straight line A rock wall.
The rock shatters into small pieces.
Found eight altars.
Unknown command.
A yak comes into view.
Found 54 gold pieces.
Found Ankay's Distillery.
Found eight altars.
The yak bellows!
You slurp down every last drop of the potion of haste!
You feel yourself speed up.
You roll towards the yak!
You roll towards the yak!
You hit the yak.
The yak is lightly wounded.
The yak gores you but does no damage.
You hit the yak.
The yak is lightly wounded.
You hit the yak.
The yak is moderately wounded.
The yak gores you!
Ouch! That really hurt!
You hit the yak but do no damage.
The yak is moderately wounded.
The yak gores you!
Ouch! That really hurt!
You die...

#######
#<.#..+
#..').#
#..####
#..####
#..#__####
#..#_____##
#⌠⌠#_.∩...+
###._.@Y_#
#$$#_____#
##########


You could see a yak.

Vanquished Creatures
  Ijyb (D)
1 creature vanquished.

Notes
Turn   | Place    | Note
-------+----------+-------------------------------------------
     0 | D        | mhtbhm the Armataur Brigand began the quest for the Orb.
     0 | D        | Reached XP level 1. HP: 18/18 MP: 1/1
     1 | D        | Noticed Ijyb
    17 | D        | Killed Ijyb
    18 | D        | Reached skill level 1 in Dodging
    18 | D        | Reached skill level 7 in Stealth
    18 | D        | Reached XP level 2. HP: 20/26 MP: 2/2
    71 | D        | Found a basalt altar of Yredelemnul.
    71 | D        | Found a hide-covered altar of Uskayaw.
    71 | D        | Found a hazy altar of Hepliaklqana.
    71 | D        | Found a shadowy altar of Dithmenos.
    71 | D        | Found a sacrificial altar of Ru.
    71 | D        | Found a snail-covered altar of Cheibriados.
    71 | D        | Found an opulent altar of Gozag.
    71 | D        | Found a sparkling altar of Nemelex Xobeh.
    72 | D        | Found an ancient bone altar of Kikubaaqudgha.
    72 | D        | Found Ankay's Distillery.
    72 | D        | Found a glowing golden altar of the Shining One.
    72 | D        | Found an iron altar of Okawaru.
    72 | D        | Found a bloodstained altar of Trog.
    72 | D        | Found a blossoming altar of Fedhas.
    72 | D        | Found a stormy altar of Qazlal.
    72 | D        | Found a white marble altar of Elyvilon.
    72 | D        | Found a glowing silver altar of Zin.
    72 | D        | Noticed a yak
    78 | D        | Slain by a yak

Illustrated notes

Levels and vault maps discovered:
D:        dungeon_sprint_1 [red_sonja_temple_1, red_sonja_temple_small_1]

Skill      XL: |  1 |
---------------+----+-----
Fighting       | 2 |  2.5
Short Blades   | 2 |  2.4
Throwing       | 2 |  2.2
Dodging        | 1 |  1.0
Stealth        | 7 |  7.1

Action                   || total
-------------------------++-------
Melee: Dagger            ||    19
       Tailslap          ||     3
       Punch             ||     2
Evoke: Wand              ||     1
  Use: Potion            ||     2
Armor: Robe              ||     4
Dodge: Dodged            ||     4

Table legend: (Time is in decaauts)
 A = Elapsed time spent in this place.
 B = Non-inter-level travel time spent in this place.
 C = Inter-level travel time spent in this place.
 D = Time resting spent in this place.
 E = Time spent auto-exploring this place.
 F = Levels seen in this place.
 G = Mean time per level.
                   A        B        C        D        E       F      G
               +--------+--------+--------+--------+--------+-----+--------+
         Total |     81 |     81 |      0 |     49 |      1 |   1 |   81.0 |
       Dungeon |     81 |     81 |      0 |     49 |      1 |   1 |   81.0 |
               +--------+--------+--------+--------+--------+-----+--------+

Top non-repeatable levels by time:
       D: 81 daAuts
